 Dungeon Crawl Stone Soup version 0.30-a0-591-g3c58d2bc28 (webtiles) character file.

Game seed: 14661775855316132422

845 wormed the Insei (level 8, 0/54 (55) HPs)
             Began as an Octopode Transmuter on Jan 5, 2023.
             Slain by a troll (5 damage)
             ... on level 6 of the Dungeon.
             The game lasted 00:10:51 (7275 turns).

wormed the Insei (Octopode Transmuter)              Turns: 7275, Time: 00:10:52

HP:   0/54 (55)     AC:  6    Str:  9    XL:     8   Next: 0%
MP:   10/13         EV: 11    Int: 17    God:
Gold: 408           SH:  5    Dex: 13    Spells: 7/14 levels left

rFire   x . .      SeeInvis .      - Unarmed
rCold   + + +      Faith    .    (shield currently unavailable)
rNeg    . . .      Spirit   .    (helmet currently unavailable)
rPois   +          Reflect  +    q - amulet of reflection
rElec   .          Harm     .    (no ring)
rCorr   .          Rampage  .    (no ring)
Will    .....                    (no ring)
Stlth   +                        (no ring)
HPRegen 0.29/turn                (no ring)
MPRegen 0.13/turn                (no ring)
                                 (no ring)
                                 (no ring)

@: mighty, ice-form, lightly drained
A: freezing attack, boosted hp, almost no armour, amphibious, 8 rings, large,
(camouflage 1), (gelatinous body 1), (nimble swimmer 1), (tentacles), frail 1
a: End Transformation


You were on level 6 of the Dungeon.
You were a creature of crystalline ice.
You visited 1 branch of the dungeon, and saw 6 of its levels.

You collected 408 gold pieces.

Inventory:

Jewellery
 q - an amulet of reflection (around neck)
 t - an amulet of the acrobat
Wands
 i - a wand of iceblast (10)
 j - a wand of flame (7) (quivered)
Scrolls
 c - 2 scrolls of immolation
 o - 3 scrolls of teleportation
Potions
 b - a potion of degeneration
 d - 2 potions of attraction {unknown}
 e - 2 potions of heal wounds {unknown}
 g - a potion of brilliance {unknown}
 k - a potion of cancellation {unknown}
 l - a potion of berserk rage {unknown}
 n - 2 potions of curing {unknown}


   Skills:
 + Level 3.5 Fighting
 + Level 3.8 Dodging
 + Level 4.6 Unarmed Combat
 + Level 3.6 Spellcasting
 + Level 4.0 Transmutations
 + Level 3.3 Ice Magic


You had 7 spell levels left.
You knew the following spells:

 Your Spells              Type           Power      Damage    Failure   Level
a - Beastly Appendage     Tmut           34%        N/A       3%          1
b - Wereblood             Tmut           17%        N/A       4%          2
c - Ice Form              Ice/Tmut       15%        N/A       34%         4

Your spell library contained the following spells:

 Spells                   Type           Power      Damage    Failure   Level
 Spider Form              Tmut/Pois      10%        N/A       22%         3
 Dazzling Flash           Conj/Hex       6%         N/A       43%         3
 Portal Projectile        Hex/Tloc       6%         N/A       43%         3
 Tukima's Dance           Hex            3%         N/A       43%         3
 Blade Hands              Tmut           8%         N/A       63%         5
 Iskenderun's Mystic Bla  Conj/Tloc      3%         2d3       85%         4
 Starburst                Conj/Fire      1%         6d3       100%        6


Dungeon Overview and Level Annotations

Branches:
Dungeon (6/15)
 Temple: D:4-7

Altars:
Hepliaklqana
Ru
Trog
Uskayaw

Annotations:
D:3 1 runed translucent door, elongatedgoose's ghost, amateur DEAE
D:5 Ijyb


Innate Abilities, Weirdness & Mutations

You are a creature of crystalline ice.
You have a powerful freezing melee attack.
Your maximum health is increased.
Your armour is entirely melded.
You are incapable of wielding weapons or throwing items.
You cannot wear most types of armour.
You are amphibious.
You can wear up to eight rings at the same time.
((Your skin changes colour to match your surroundings (Stealth+).))
((Your rubbery body absorbs attacks. (AC +1, EV +1)))
((You are camouflaged when in or above water. (Stealth+)))
((You have tentacles for arms and can constrict up to eight enemies at once.))
You are frail. (-10% HP)


Message History

You warm up again.
Found a battleaxe.
A troll comes into view.
A troll is nearby!
A troll is nearby!
Casting: Ice Form (quite dangerous; 34% risk of failure)
Confirm with . or Enter, or press ? or * to list all spells.
The spell is quite dangerous to miscast (34% risk of failure)!
Continue anyway?
You turn into a creature of crystalline ice.
The troll shouts!
You hear a shout! x3
A gnoll comes into view. It is wielding a +0 halberd.
A gnoll comes into view. It is wielding a +0 whip.
A gnoll comes into view. It is wielding a +0 spear.
You hit the troll. You freeze the troll.
The troll is lightly wounded.
You block the troll's attack. x2; The troll closely misses you.
You punch the troll! You freeze the troll.
The troll is heavily wounded.
The troll bites you but does no damage. The troll claws you but does no damage.
The troll claws you!
You punch the troll! You freeze the troll.
The troll is severely wounded.
The troll closely misses you. The troll claws you. The troll barely misses you.
You hit the troll but do no damage.
The troll is severely wounded.
The troll closely misses you. x2; The troll claws you.
You barely miss the troll.
The troll is severely wounded.
The gnoll misses you. The troll bites you but does no damage.
The troll claws you. The troll claws you!
You completely miss the troll.
The troll is severely wounded.
The gnoll hits you from afar with a +0 halberd!
You block the troll's attack. The troll claws you. x2
* * * LOW HITPOINT WARNING * * *
You feel very mighty all of a sudden. The gnoll barely misses you.
The troll bites you!
* * * LOW HITPOINT WARNING * * *
The troll claws you.
You die...

.... ... .... #... ....
...# #..# #..# #..# #..#
#..###..# #..# #...##..#
#..# #.#.##..# #..#
##.#.....#####
##..###..†..#......##
..............#.YT..#
##..###.....#...g.......
##..####.#..###)g...####
.........#..# ##g..##
##########..# ##.## #..#
.# #..# .# #..# .. #..#


You could see a troll and 3 gnolls.

Vanquished Creatures
  Sigmund (D:5)
  Eustachio (D:4)
  A black bear (D:5)
  A wight (D:5)
  An orc priest (D:3)
  A jelly (D:5)
  A hound (D:6)
  An iguana (D:5)
  Natasha (thrice) (D:3)
  An orc wizard (D:4)
  Robin (D:3)
  4 adders
  A river rat (D:5)
  A shadow imp (D:4)
  An ufetubus (D:6)
  A worm (D:3)
  2 dart slugs
  17 orcs
  9 ball pythons
  8 endoplasms
  5 giant cockroaches
  16 goblins
  10 hobgoblins
  2 jackals (D:5)
  A quokka (D:1)
  3 bats
  4 frilled lizards
  8 kobolds
  8 rats
114 creatures vanquished.

Vanquished Creatures (others)
  A fungus (D:1)
  4 toadstools (D:1)
5 creatures vanquished.

Grand Total: 119 creatures vanquished

Notes
Turn   | Place    | Note
-------+----------+-------------------------------------------
     0 | D:1      | wormed the Octopode Transmuter began the quest for the Orb.
     0 | D:1      | Reached XP level 1. HP: 13/13 MP: 3/3
   139 | D:1      | Reached XP level 2. HP: 18/18 MP: 3/5
   149 | D:1      | Learned a level 2 spell: Wereblood
   900 | D:1      | Reached XP level 3. HP: 23/23 MP: 2/6
  1120 | D:1      | Found a faded altar of an unknown god.
  1295 | D:2      | Reached skill level 1 in Ice Magic
  2703 | D:3      | Reached XP level 4. HP: 29/29 MP: 3/7
  2710 | D:2      | Learned a level 4 spell: Ice Form
  2804 | D:3      | Identified the +4 dagger "Zazuqop" {heavy, Str+4 Int+3}
  3107 | D:3      | Found a runed translucent door.
  3107 | D:3      | Noticed a bullfrog
  3436 | D:3      | Noticed elongatedgoose's ghost (amateur DEAE)
  3658 | D:3      | Reached XP level 5. HP: 34/34 MP: 5/8
  3782 | D:3      | Noticed Natasha
  3822 | D:3      | Killed Natasha
  3946 | D:3      | Noticed Robin
  3950 | D:3      | Noticed Natasha
  4137 | D:3      | Killed Natasha
  4140 | D:3      | Killed Robin
  4329 | D:3      | Noticed Natasha
  4343 | D:3      | Killed Natasha
  4455 | D:4      | Reached XP level 6. HP: 14/41 MP: 6/10
  4619 | D:4      | Noticed Eustachio
  4635 | D:4      | Killed Eustachio
  5373 | D:4      | Gained mutation: You are frail. (-10% HP) [mutagenic glow]
  5859 | D:5      | Entered Level 5 of the Dungeon
  5899 | D:5      | Noticed a black bear
  5912 | D:4      | Reached XP level 7. HP: 23/40 MP: 11/11
  6052 | D:5      | Noticed Sigmund
  6405 | D:5      | Killed Sigmund
  6505 | D:5      | Found a hide-covered altar of Uskayaw.
  6512 | D:5      | Found a bloodstained altar of Trog.
  6512 | D:5      | Found a sacrificial altar of Ru.
  6573 | D:5      | Found a hazy altar of Hepliaklqana.
  6702 | D:5      | Noticed Ijyb
  6932 | D:5      | HP: 1/39 [Ijyb/puff of flame (12)]
  7197 | D:6      | Reached XP level 8. HP: 45/45 MP: 4/13
  7264 | D:6      | Noticed a troll
  7275 | D:6      | Slain by a troll

Illustrated notes

Levels and vault maps discovered:
D:1:      lightli_arrival_windingriver, layout_loops_ring,
          hellmonk_ecumenical_altar_defaced_shrine, minmay_gold_behind_fungi,
          nrook_mini_backslash
D:2:      layout_loops_cross
D:3:      layout_basic, ebering_ghost_sewer_d, uniq_robin, uniq_natasha
D:4:      layout_loops_ring, kennysheep_small_spiral, minmay_misc_feat_x,
          dreamdust_princess_corridor, uniq_eustachio
D:5:      layout_basic, minitemple, minmay_temple_entry_fiery,
          portal_sewer_entry_e, chequers_serial_rivers_small_b,
          hangedman_decor_points, uniq_ijyb, uniq_duvessa, uniq_blork_the_orc,
          uniq_sigmund
D:6:      layout_loops_ring, minmay_liquid_box

Skill      XL: |  1  2  3  4  5  6  7 |
---------------+----------------------+-----
Ice Magic      | 1 2 3 |  3.3
Fighting       | 2 3 |  3.5
Transmutations | 3 4 |  4.0
Dodging        | 3 |  3.8
Unarmed Combat | 4 |  4.6
Spellcasting   | 3 |  3.6

Action                   |  1- 3 |  4- 6 |  7- 9 || total
-------------------------+-------+-------+-------++-------
Melee: Unarmed           |    87 |   117 |    70 ||   274
       Tentacles         |    19 |    13 |       ||    32
       Constrict         |    23 |    17 |       ||    40
       Kick              |    30 |     9 |       ||    39
       Punch             |     1 |     2 |       ||     3
 Cast: Beastly Appendage |    34 |    12 |       ||    46
       Wereblood         |    24 |    12 |       ||    36
       Ice Form          |       |    14 |    12 ||    26
Evoke: Wand              |       |    12 |       ||    12
  Use: Scroll            |     6 |     1 |     7 ||    14
       Potion            |       |     1 |     2 ||     3
 Stab: Sleeping          |     5 |     1 |       ||     6
Armor: Skin              |     3 |    28 |    14 ||    45
Dodge: Dodged            |    40 |    51 |    34 ||   125
Block: Other             |       |       |    11 ||    11

Table legend: (Time is in decaauts)
 A = Elapsed time spent in this place.
 B = Non-inter-level travel time spent in this place.
 C = Inter-level travel time spent in this place.
 D = Time resting spent in this place.
 E = Time spent auto-exploring this place.
 F = Levels seen in this place.
 G = Mean time per level.
                   A        B        C        D        E       F      G
               +--------+--------+--------+--------+--------+-----+--------+
         Total |   7258 |   6999 |    259 |    608 |   5066 |   6 | 1209.7 |
       Dungeon |   7258 |   6999 |    259 |    608 |   5066 |   6 | 1209.7 |
               +--------+--------+--------+--------+--------+-----+--------+

Top non-repeatable levels by time:
     D:2: 1720 daAuts
     D:4: 1715 daAuts
     D:3: 1249 daAuts
     D:1: 1249 daAuts
     D:5: 823 daAuts
     D:6: 499 daAuts
